woodfighter, lawful female dwarven Priestess ------------- -------------- |?!%[.?)*)%!| |............| ---------- |?@/+D(%!%?%| |............| |........| |...@.......| |.............# #.........| ---+--------- |..........<.|# #|........| ### -.--.--.------# #---------- # ##### # # # ### #### ### # ## # # --------- ### # # # # # ### |.......+# ################# ######### # # #-.......|# #---.----########### # ---------.- ###|.......|####|......| #-.-----------# |..>......|######+.......-####|......| #|...........|# |.........-#### --------- ##.......| #|...........|# |.........| |......| |...........-# ----------- -------- ------------- woodfighter the Aspirant Experience level: 2 Strength: 15 Dexterity: 13 Constitution: 11 Intelligence: 17 Wisdom: 10 Charisma: 9 Health: 0(24) Energy: 13(13) Def: 3 Gold: 194 Moves: 926 Dungeon seed: HrfgL7udjqlDQQra Game ID: woodfighter_1553722693 Your Inventory: Coins $ - 194 gold pieces Weapons a - a blessed +1 mace (weapon in hand) Armor e - a blessed +0 robe (being worn) n - a blessed +0 small shield (being worn) Comestibles c - a clove of garlic d - a sprig of wolfsbane o - 2 lichen corpses s - 2 food rations Scrolls k - a scroll of destroy armor l - a scroll of confuse monster m - a scroll of blank paper Spellbooks g - a spellbook of healing h - a spellbook of detect monsters i - a spellbook of protection Potions b - 4 potions of holy water j - a potion of paralysis Wands f - a wand of cancellation (0:1) p - a wand of teleportation (0:4) Gems q - 2 worthless pieces of violet glass r - 2 worthless pieces of orange glass Spells and supernatural/magical abilities: Name Level Category Fail Memory h - healing 1 healing 0% 96% n - detect monsters 1 divination 0% 96% p - protection 1 clerical 0% 96% W - pray for help -- divine ? -- X - turn undead -- divine ? -- Your skills at the end: Miscellaneous Skills shield [Basic] wands [Basic] Weapon Skills pick-axe [Basic] mace [Basic] Spellcasting Skills clerical spells [Basic] Final Attributes: You were fervently aligned. Your writing hand was ok. You had infravision. You were stealthy. You are dead. Vanquished creatures: 3 jackals 2 kobolds a newt 2 sewer rats 2 grid bugs 2 lichens 12 creatures vanquished. Voluntary challenges: You did not adorn yourself with jewelry or accessories. You did not cause conflict. You were not invisible. You did not have reflection. You were not displaced. You were an atheist. You used a wielded weapon 15 times, starting on turn 122. You did not use tools. You did not use plumbed fixtures. You did not drink any magical draughts. You were illiterate. You never genocided any monsters. You never polymorphed an object. You never changed form. You used no wishes. You never split a pudding. You never wrote Elbereth's name. You never violated your personal moral code. Dungeon overview: The Dungeons of Doom: levels 1 to 3 Level 1 an altar to Anu, a fountain a long staircase Level 2 <- You were here a general store Level 3 a fountain History has recorded: On T:1 you entered the Dungeons of Doom to retrieve the Amulet of Yendor! On T:345 you reached level 2 of The Dungeons of Doom. On T:758 you advanced to experience level 2. On T:882 you reached level 3 of The Dungeons of Doom. Score breakdown: Gold: 194 ( 19 points) Experience: 2 levels ( 100 points) Exploration: 3 levels ( 60 points) Discoveries: 7 items ( 350 points) Variety of kills: 6 monsters ( 300 points) Major goal: (nothing yet) ( 0 points) Survival: died (score multiplied by 3) Total score: 2487 Latest messages: You kill the jackal! $ - 82 gold pieces. You see here a jackal corpse. This jackal corpse tastes terrible! You finish eating the jackal corpse. You see here 2 food rations. s - 2 food rations. You displace kitty. The door resists! The door opens. "Hello, woodfighter! Welcome to Pakka Pakka's general store!" You stop exploring. The door closes. Please move the cursor to an unknown object. Never mind. You hit the baby red dragon. The baby red dragon bites! You hit the baby red dragon. The baby red dragon bites! You hit the baby red dragon! You hit the baby red dragon. The baby red dragon bites! You die... Pakka Pakka gratefully inherits all your possessions. Final status: Goodbye woodfighter the Priestess, killed by a baby red dragon... You died in The Dungeons of Doom on dungeon level 2 with 2487 points, and 194 pieces of gold, after 926 moves. You were level 2 with a maximum of 24 hit points when you died.